 Dungeon Crawl Stone Soup version 0.26-a0-812-g31a745ddcd (webtiles) character file.

Game seed: 15826412735827407100

2141 kae the Cleaver (level 9, 0/79 HPs)
             Began as a Hill Orc Fighter on Nov 26, 2020.
             Was an Initiate of Qazlal.
             Slain by a troll (6 damage)
             ... on level 8 of the Dungeon.
             The game lasted 00:05:15 (9147 turns).

kae the Cleaver (Hill Orc Fighter)                  Turns: 9147, Time: 00:05:16

Health: 0/79       AC: 10    Str: 22    XL:     9   Next: 30%
Magic:  11/11      EV:  9    Int:  8    God:    Qazlal [......]
Gold:   350        SH: 10    Dex: 10    Spells: 8/8 levels left

rFire    . . .     SeeInvis .   a - +0 war axe
rCold    + . .     Faith    .   c - +0 kite shield
rNeg     . . .     Spirit   .   b - +1 scale mail
rPois    .         Reflect  .   (no helmet)
rElec    .         Harm     .   (no cloak)
rCorr    .         Rampage  .   B - +0 pair of gloves
MR       .....                  (no boots)
Stlth    ..........             j - amulet of regeneration
HPRegen  0.63/turn              (no ring)
MPRegen  0.12/turn              n - ring of protection from cold (curse)

@: no status effects
A: no striking features
a: Renounce Religion


You were on level 8 of the Dungeon.
You worshipped Qazlal.
Qazlal was noncommittal.
You visited 2 branches of the dungeon, and saw 9 of its levels.
You also visited: Ossuary.

You collected 350 gold pieces.

Inventory:

Hand Weapons
 a - a +0 war axe (weapon)
Armour
 b - a +1 scale mail (worn)
 c - a +0 kite shield (worn)
 B - a +0 pair of gloves (worn)
Jewellery
 j - an amulet of regeneration (around neck)
 m - an uncursed ring of stealth
 n - a cursed ring of protection from cold (right hand)
 p - an uncursed ring of fire
 v - an uncursed amulet of regeneration
Wands
 t - a wand of random effects (16)
Scrolls
 f - 3 scrolls of teleportation
 i - 2 scrolls of enchant armour
 k - 4 scrolls of amnesia
 r - 6 scrolls of remove curse
 y - 3 scrolls of immolation
 A - a scroll of magic mapping
Potions
 e - 5 potions of curing
 g - 3 potions of lignification
 h - 2 potions of attraction
 o - a potion of berserk rage
 q - 2 potions of haste
 s - 3 potions of mutation
 w - 6 potions of heal wounds
 x - 5 potions of flight {unknown}
 z - 2 potions of brilliance {unknown}


   Skills:
 + Level 7.0 Fighting
 * Level 9.7 Axes
 + Level 6.4 Armour
 + Level 3.9 Dodging
 - Level 5.0 Shields
 + Level 2.7 Invocations


You had 8 spell levels left.
You didn't know any spells.
Your spell library contained the following spells:

 Spells                   Type           Power        Failure   Level
 Animate Skeleton         Necr           #.....       98%         1
 Corona                   Hex            #......      98%         1
 Pain                     Necr           #...         98%         1
 Sting                    Tmut/Pois      #...         98%         1
 Ensorcelled Hibernation  Hex/Ice        #.....       99%         2
 Poisonous Vapours        Pois/Air       #.....       99%         2
 Confusing Touch          Hex            #.......     100%        3
 Dazzling Flash           Conj/Hex       #.....       100%        3
 Gell's Gravitas          Tloc           #.........   100%        3
 Ignite Poison            Fire/Tmut/Pois #.......     100%        3
 Mephitic Cloud           Conj/Pois/Air  #.......     100%        3
 Tukima's Dance           Hex            #.......     100%        3
 Vampiric Draining        Necr           #.........   100%        3
 Animate Dead             Necr           #.........   100%        4
 Olgreb's Toxic Radiance  Pois           #.......     100%        4
 Petrify                  Tmut/Erth      #.......     100%        4
 Agony                    Necr           #.......     100%        5
 Metabolic Englaciation   Hex/Ice        #.........   100%        5
 Yara's Violent Unravell  Hex/Tmut       #.........   100%        5


Dungeon Overview and Level Annotations

Branches:
Dungeon (8/15)             Temple (1/1) D:6         Ossuary (visited)
   Lair: D:8-11

Altars:
Ashenzari
Cheibriados
Dithmenos
Elyvilon
Fedhas
Gozag
Hepliaklqana
Kikubaaqudgha
Makhleb
Nemelex Xobeh
Okawaru
Qazlal
Ru
Sif Muna
Trog
Uskayaw
Vehumet
Wu Jian
Xom
Yredelemnul
Zin
The Shining One

Shops:
D:4 [

Annotations:
D:5 1 runed translucent door, qborf's ghost, novice TrMo
D:7 5 runed translucent doors


Message History

You closely miss the troll.
The troll is heavily wounded.
The troll barely misses you. The troll claws you!
* * * LOW HITPOINT WARNING * * *
The troll closely misses you. You block the gnoll's attack.
You barely miss the troll.
The troll is heavily wounded.
The troll bites you but does no damage. The troll claws you.
* * * LOW HITPOINT WARNING * * *
The troll barely misses you. The gnoll hits you but does no damage.
You completely miss the troll.
The troll is heavily wounded.
You block the troll's attack. The troll claws you but does no damage.
The troll claws you!
* * * LOW HITPOINT WARNING * * *
The gnoll hits you from afar with a +0 spear.
* * * LOW HITPOINT WARNING * * *
There is a stone staircase leading up here.
You block the troll's attack. x2; The troll claws you.
You die...

### # ..#.# #.#.#
#.#.#.## #. #[#....
#. #.#...### #.
#.#.#...#.# #.
#.#@.......
.!###.###.#T#.#....
.........#K# .. .
.#####..).Kgg####.#
......)...$.....#
..
....##).)†...##.# #
. #.#+#...# + #.
#...# #. #...#


You could see a troll, a big kobold and 2 gnolls.

Vanquished Creatures
  Pikel (D:7)
  Eustachio (D:4)
  A wyvern (D:8)
  2 phantoms (D:5)
  A sky beast (D:6)
  An ogre (D:6)
  3 lemures (D:7)
  A centaur (D:6)
  A big kobold (D:6)
  2 howler monkeys
  3 hounds
  2 bullfrog skeletons (D:5)
  2 human zombies (Ossuary)
  2 orc wizards (D:4)
  An iguana (D:4)
  Natasha (thrice) (D:4)
  3 worker ants
  2 killer bee zombies (D:6)
  2 big kobold zombies (Ossuary)
  A hound zombie (D:5)
  2 hound skeletons
  5 mummies (Ossuary)
  A worker ant zombie (D:5)
  4 adders
  5 gnolls
  2 shadow imps
  A white imp (D:8)
  An ufetubus (D:6)
  2 adder skeletons
  2 dart slugs
  6 leopard geckos
  11 orcs
  2 ball pythons
  4 bats
  5 giant cockroaches
  5 goblins
  6 hobgoblins
  2 jackals (D:6)
  3 quokkas
  7 frilled lizards
  A goblin zombie (Ossuary)
  2 hobgoblin zombies (Ossuary)
  A jackal skeleton (D:4)
  A jackal zombie (D:5)
  16 kobolds
  A kobold zombie (Ossuary)
  A leopard gecko skeleton (D:4)
  A quokka zombie (D:6)
  6 rats
141 creatures vanquished.

Notes
Turn   | Place    | Note
-------+----------+-------------------------------------------
     0 | D:1      | kae the Hill Orc Fighter began the quest for the Orb.
     0 | D:1      | Reached XP level 1. HP: 19/19 MP: 1/1
   316 | D:1      | Reached skill level 3 in Axes
   344 | D:1      | Reached XP level 2. HP: 26/27 MP: 2/2
  1097 | D:2      | Reached XP level 3. HP: 26/33 MP: 3/3
  1967 | D:3      | Reached skill level 4 in Axes
  1967 | D:3      | Reached XP level 4. HP: 30/40 MP: 4/4
  2160 | D:3      | HP: 1/40 [gnoll/+0 spear (8)]
  2932 | D:3      | Reached skill level 1 in Dodging
  3078 | D:3      | Reached XP level 5. HP: 18/46 MP: 5/5
  3312 | D:3      | Noticed a shadow
  3313 | D:3      | Found a shadowy altar of Dithmenos.
  3314 | D:3      | Found a hazy altar of Hepliaklqana.
  3565 | D:4      | Found Xeotsed's Antique Armour Shop.
  3600 | D:4      | Noticed Natasha
  3614 | D:4      | Killed Natasha
  4098 | D:4      | Reached skill level 5 in Axes
  4106 | D:4      | Reached XP level 6. HP: 27/53 MP: 6/6
  4315 | D:4      | Noticed Eustachio
  4671 | D:4      | Killed Eustachio
  4787 | D:4      | Noticed Natasha
  4807 | D:4      | Killed Natasha
  4807 | D:4      | Reached skill level 5 in Fighting
  4807 | D:4      | Reached XP level 7. HP: 17/61 MP: 7/7
  5297 | D:4      | Reached skill level 6 in Axes
  5298 | D:4      | Noticed Natasha
  5308 | D:4      | Killed Natasha
  5396 | D:4      | Found Xeotsed's Antique Armour Shop.
  5878 | D:5      | Entered Level 5 of the Dungeon
  5883 | D:5      | Found a radiant altar of Vehumet.
  5883 | D:5      | Found a runed translucent door.
  5883 | D:5      | Noticed qborf's ghost (novice TrMo)
  6130 | D:5      | Found a sand-covered staircase.
  6140 | Ossuary  | Entered an ossuary
  6212 | Ossuary  | Reached skill level 5 in Armour
  6229 | Ossuary  | Reached skill level 7 in Axes
  6229 | Ossuary  | Reached skill level 5 in Shields
  6306 | Ossuary  | Reached XP level 8. HP: 41/69 MP: 8/8
  6820 | D:5      | Found a shimmering blue altar of Sif Muna.
  6820 | D:5      | Found a shimmering altar of Xom.
  7202 | D:6      | Reached skill level 8 in Axes
  7273 | D:6      | Found a staircase to the Ecumenical Temple.
  7353 | Temple   | Entered the Ecumenical Temple
  7478 | Temple   | Became a worshipper of Qazlal Stormbringer
  7627 | D:6      | Found an iron altar of Okawaru.
  7980 | D:7      | Found a snail-covered altar of Cheibriados.
  7980 | D:7      | Found a radiant altar of Vehumet.
  8015 | D:7      | Found a runed translucent door.
  8018 | D:7      | Found a runed translucent gate.
  8026 | D:7      | Found the +9 staff of Olgreb {rPois∞}
  8084 | D:7      | Found a runed translucent gate.
  8084 | D:7      | Found a runed translucent gate.
  8085 | D:7      | Found a runed translucent door.
  8104 | D:7      | Noticed Pikel
  8535 | D:7      | Found a runed translucent door.
  8546 | D:7      | Found a runed translucent door.
  8667 | D:7      | Found a snail-covered altar of Cheibriados.
  8699 | D:7      | Killed Pikel
  8699 | D:7      | Reached skill level 9 in Axes
  8699 | D:7      | Reached XP level 9. HP: 58/78 MP: 8/10
  8736 | D:7      | Found a radiant altar of Vehumet.
  9008 | D:8      | Noticed a troll
  9023 | D:8      | HP: 3/79 [big kobold/+0 whip (3)]
  9147 | D:8      | Slain by a troll

Illustrated notes

Levels and vault maps discovered:
D:1:      dpeg_arrival_houses_and_road, layout_basic, roderic_serpentine_path,
          hex_large, dk_noncrumbling_3
D:2:      layout_rooms
D:3:      layout_basic, riverfiend_overflow_shadow_ancestor
D:4:      layout_cave_pods, serial_shops, shop, uniq_natasha, uniq_eustachio
D:5:      layout_loops_cross, gammafunk_temple_overflow_elements,
          hellmonk_ghost_happy_afterlife, basic_altar,
          lightli_ossuary_entry_decrepit_ruins
D:6:      layout_loops_ring, minmay_temple_entry_tees, okawaru_trees_2
D:7:      layout_rooms, chequers_temple_overflow_statue_of_worship,
          minmay_guarded_unrand_staff_of_olgreb, uniq_pikel
D:8:      lemuel_ice_spiral_2, layout_basic, erik_lair_island,
          corexii_checkpoint_b, corexii_corridor_pit
Temple:   nicolae_temple_elliptical

Skill      XL: |  1  2  3  4  5  6  7  8  9 |
---------------+----------------------------+-----
Axes           | 3 4 5 7 9 |  9.7
Fighting       | 4 5 6 7 |  7.0
Dodging        | 1 2 3 |  3.9
Armour         | 4 5 6 |  6.4
Shields        | 4 5 |  5.0
Invocations    | 2 |  2.7

Action                   |  1- 3 |  4- 6 |  7- 9 || total
-------------------------+-------+-------+-------++-------
Melee: War axe           |   149 |   171 |   323 ||   643
Evoke: Wand              |       |     3 |       ||     3
  Use: Scroll            |       |       |    19 ||    19
       Potion            |       |       |     2 ||     2
Armor: Scale mail        |    63 |    70 |   131 ||   264
Dodge: Dodged            |    49 |    82 |   130 ||   261
Block: Kite shield       |    81 |   120 |   188 ||   389

Table legend: (Time is in decaauts)
 A = Elapsed time spent in this place.
 B = Non-inter-level travel time spent in this place.
 C = Inter-level travel time spent in this place.
 D = Time resting spent in this place.
 E = Time spent auto-exploring this place.
 F = Levels seen in this place.
 G = Mean time per level.
                   A        B        C        D        E       F      G
               +--------+--------+--------+--------+--------+-----+--------+
         Total |   9334 |   8997 |    337 |   1724 |   5897 |  10 |  933.4 |
       Dungeon |   8819 |   8512 |    307 |   1638 |   5657 |   8 | 1102.4 |
        Temple |    149 |    120 |     29 |      0 |    119 |   1 |  149.0 |
       Ossuary |    365 |    365 |      0 |     86 |    121 |   1 |  365.0 |
               +--------+--------+--------+--------+--------+-----+--------+

Top non-repeatable levels by time:
     D:4: 2431 daAuts
     D:3: 1437 daAuts
     D:1: 1374 daAuts
     D:7: 1073 daAuts
     D:5: 829 daAuts
     D:6: 820 daAuts
     D:2: 763 daAuts
 Ossuary: 365 daAuts
  Temple: 149 daAuts
     D:8: 88 daAuts
